[Event "Groningen Festival 2019-B"]
[Site "Groningen"]
[Date "2019.12.23"]
[Round "3.6"]
[White "Salihbegovic, Edim"]
[Black "Van der Meer, Henk"]
[Result "1-0"]
[ECO "E92"]
[WhiteElo "2011"]
[BlackElo "1785"]
[Annotator "NA RC"]
[PlyCount "84"]
[EventDate "2019.12.15"]
[EventType "swiss"]
[EventCountry "NED"]
[SourceTitle "playchess.com"]
[Source "ChessBase"]
[SourceQuality "1"]
[TimeControl "40/5400+30:1800+30"]

1. d4 Nf6 2. c4 d6 3. Nc3 g6 4. e4 Bg7 5. Nf3 O-O 6. Be2 e5 7. dxe5 dxe5 8. Qxd8 Rxd8 9. Bg5 Re8 10. Nd5 Nxd5 11. cxd5 c6 12. Bc4 cxd5 13. Bxd5 Na6 14. a3 {[%emt 0:17:01] E92: King's Indian: Classical: 6 Be2 e5: 7 dxe5, 7 Be3 and Petrosian System without 7...Nbd7} (14. O-O Nb4 15. Bc4 Be6 16. Rfc1 Bxc4 17. Rxc4 Nd3 18. Rc7 b6 19. Rd1 Nc5 20. Be3 Ne6 21. Rcd7 h6 22. g3 {½-½ (52) Vorobiov,E (2572)-Sethuraman,S (2658) Stockholm 2016}) 14... Nc7 15. Ba2 Be6 16. Bxe6 $146 ({Predecessor:} 16. O-O Bxa2 17. Rxa2 Ne6 18. Be3 Nd4 19. b4 a5 20. bxa5 Rxa5 21. Rb1 Nxf3+ 22. gxf3 Bf8 23. a4 Rea8 24. Rxb7 Rxa4 25. Rd2 R4a6 26. Rdd7 Rf6 27. Kg2 h6 {½-½ (27) Ungureanu,E (2264)-Marcantoni,H (2250) Val Thorens 2006}) 16... Nxe6 17. Be3 Nd4 18. O-O-O b6 19. Rhe1 Red8 20. Nxd4 exd4 21. Bg5 Rd7 22. Rd3 Rc8+ 23. Kb1 Rc5 24. h4 h6 25. Bf4 g5 26. hxg5 hxg5 27. Bd2 a5 28. Rc1 Rdc7 (28... a4 $11) 29. Bxg5 Rxc1+ 30. Bxc1 Re7 31. f3 Kf8 32. Bf4 Rd7 33. a4 Ke8 34. Kc2 Re7 35. g4 Kd7 36. Rb3 Re6 37. Kd3 Rc6 38. e5 f6 39. Kxd4 fxe5+ 40. Bxe5 Rd6+ 41. Ke4 $18 Re6 42. Rb5 Bf8 1-0

[Event "Groningen Festival 2019-B"]
[Site "Groningen"]
[Date "2019.12.24"]
[Round "4.1"]
[White "Zuiderweg, Edwin"]
[Black "Akotchik, Victor"]
[Result "0-1"]
[ECO "B50"]
[WhiteElo "1951"]
[BlackElo "2095"]
[Annotator "NA RC"]
[PlyCount "58"]
[EventDate "2019.12.15"]
[EventType "swiss"]
[EventCountry "NED"]
[SourceTitle "playchess.com"]
[Source "ChessBase"]
[SourceQuality "1"]
[TimeControl "40/5400+30:1800+30"]

1. e4 c5 2. Nf3 d6 3. d3 Nc6 4. g3 e5 (4... g6 5. Bg2 Bg7 6. O-O e5 7. Nc3 Nge7 8. Nh4 O-O 9. f4 exf4 10. Bxf4 Nd4 11. Qd2 Be6 12. Rf2 Nec6 13. Bh6 Ne5 14. h3 Qd7 15. Bxg7 Kxg7 16. Kh2 f6 17. Raf1 Rae8 18. Nd5 Bxd5 19. exd5 {1-0 (57) Martinez Duany,L (2547)-Hernandez Gonzalez,W (2445) Santa Clara 2019}) 5. Bg2 Be7 6. O-O {[%emt 0:00:29] B50: Sicilian: 2...d6, Miscellaneous} h5 7. h3 (7. h4 $11) 7... Be6 8. c3 $146 ({Predecessor:} 8. c4 g5 9. Nc3 g4 10. hxg4 Bxg4 11. Be3 h4 12. gxh4 Bxh4 {0-1 (39) Ortel,E (2345)-Horvath,S (2300) Hungary 1996}) 8... g5 9. Be3 g4 10. hxg4 hxg4 11. Nh2 Qd7 12. f3 $2 (12. b4 $15) 12... gxf3 13. Bxf3 Nf6 14. d4 Bc4 $2 ({Better is} 14... cxd4 $19 15. cxd4 exd4 16. Bxd4 d5 17. Bxf6 Bxf6) 15. Rf2 (15. d5 $1 $15 Na5 16. Rf2) 15... Qh3 ({Black should play} 15... exd4 $19 16. cxd4 Qh3) 16. Rg2 $2 (16. d5 $1 $11) 16... O-O-O (16... exd4 $19 {and Black stays clearly on top.} 17. cxd4 d5) 17. d5 Nb8 18. Bg4+ (18. Na3 $15 Rdg8 19. Nxc4 Rxg3 20. Kf2 Rxg2+ 21. Bxg2 Qh4+ 22. Kf1 Qxh2 23. Qf3) 18... Nxg4 19. Qxg4+ Qxg4 (19... Nd7 $19 20. Nd2 Bd3 21. Qxh3 Rxh3) 20. Nxg4 {[%emt 0:00:33] [#]} f5 $1 21. exf5 (21. Nd2 $17 Bxd5 22. exd5 fxg4 23. Rf1) 21... Rdf8 22. Bh6 Rfg8 23. Ne3 Bd3 24. Rh2 {[%emt 0:03:45] [#]} Rxh6 $1 25. Rxh6 Bg5 {[%emt 0:00:11] Double Attack} 26. Ng4 Bxh6 27. Nxh6 Rxg3+ 28. Kh2 (28. Kf2 {was the only defense.} Rh3 29. Nf7) 28... Rg7 29. Nd2 Rh7 $19 0-1

[Event "Groningen Festival 2019-B"]
[Site "Groningen"]
[Date "2019.12.24"]
[Round "4.2"]
[White "Noordenbos, Daan"]
[Black "De Vries, Leon"]
[Result "1/2-1/2"]
[ECO "B95"]
[WhiteElo "2023"]
[BlackElo "1934"]
[Annotator "NA RC"]
[PlyCount "54"]
[EventDate "2019.12.15"]
[EventType "swiss"]
[EventCountry "NED"]
[SourceTitle "playchess.com"]
[Source "ChessBase"]
[SourceQuality "1"]
[TimeControl "40/5400+30:1800+30"]

1. e4 c5 2. Nf3 d6 3. d4 cxd4 4. Nxd4 Nf6 5. Nc3 a6 6. Bg5 e6 7. Qf3 h6 8. Bh4 Be7 {[%emt 0:00:08] B95: Sicilian Najdorf: 6 Bg5 e6, unusual White 7th moves} 9. O-O-O Qc7 10. g4 Nbd7 11. Bg3 Ne5 12. Qe2 $1 g5 $146 (12... b5 $11) ({Predecessor:} 12... Nexg4 13. Bh3 h5 14. f3 h4 15. Be1 Ne5 16. f4 {0-1 (48) Ivanovic,B (2470)-Muhutdinov,M (2425) Cetinje 1992}) 13. h4 Rg8 14. hxg5 hxg5 15. Bxe5 dxe5 16. Nb3 Bd7 17. Qf3 Rg6 18. Rh8+ Bf8 19. Be2 O-O-O 20. Qe3 Kb8 21. Nc5 Bxc5 22. Rxd8+ Ka7 23. Nb5+ axb5 (23... Bxb5 $142 24. Qf3 Bc6) 24. Qc3 Qxd8 25. Qxc5+ $19 Qb6 26. Qa3+ Qa6 27. Qc5+ Qb6 1/2-1/2

[Event "Groningen Festival 2019-B"]
[Site "Groningen"]
[Date "2019.12.24"]
[Round "4.3"]
[White "Neuendorf, Max"]
[Black "Salihbegovic, Edim"]
[Result "1/2-1/2"]
[ECO "C42"]
[WhiteElo "1994"]
[BlackElo "2011"]
[Annotator "NA RC"]
[PlyCount "136"]
[EventDate "2019.12.15"]
[EventType "swiss"]
[EventCountry "NED"]
[SourceTitle "playchess.com"]
[Source "ChessBase"]
[SourceQuality "1"]
[TimeControl "40/5400+30:1800+30"]

1. e4 e5 2. Nf3 Nf6 3. Nxe5 d6 4. Nf3 Nxe4 5. d4 d5 6. Bd3 Bd6 7. c4 c6 8. Qc2 O-O 9. O-O Na6 10. a3 Bg4 11. Ne5 {[%emt 0:07:57] C42: Petroff Defence: 3 Nxe5 and unusual White 3rd moves} Bf5 12. Nc3 (12. b4 $142) 12... c5 $2 $146 ({Predecessor:} 12... Bxe5 $15 {stays ahead.} 13. dxe5 Nac5 14. cxd5 cxd5 {½-½ (14) Piorun,K (2631)-Wei,Y (2728) Khanty-Mansiysk 2017}) 13. Nxd5 ({Not} 13. Nxe4 dxe4 14. Bxe4 Bxe4 $14) 13... cxd4 14. Bxe4 Bxe4 15. Qxe4 Nc5 16. Qxd4 Nb3 17. Qc3 Nxa1 18. Bf4 Bxe5 19. Bxe5 f6 20. Bf4 ({Not} 20. Rxa1 fxe5 21. Re1 (21. Qxe5 Qh4 $11) 21... Qd6 $11) 20... Rc8 21. Rxa1 b5 22. Ne3 bxc4 23. Nxc4 Qd5 24. b3 Rfd8 25. h3 Qe4 26. Be3 Rd3 27. Qb4 Rcd8 (27... a6 $142 28. Re1 Qc6) 28. Qb5 a6 $2 (28... Qd5 {is a better defense.} 29. Qb4 a6) 29. Qxa6 f5 30. Bg5 Re8 31. Nd6 Qd4 {[%emt 0:00:06] [#]} 32. Qc4+ $1 ({Weaker is} 32. Nxe8 Qxa1+ 33. Kh2 Qe5+ 34. g3 Qe2 $11) 32... Qxc4 33. Nxc4 Rxb3 34. Be3 Rc3 35. Nb6 Re6 36. Nd5 Rb3 37. Nb4 Re4 38. Kf1 f4 39. Bd2 Rd4 40. Be1 Kf7 41. Ra2 Rc4 (41... Rb1 $142 42. f3 Rdd1) 42. Nc2 f3 43. gxf3 Ra4 44. Kg2 Rb6 45. Bb4 Rg6+ 46. Kh2 Rf6 47. Nd4 h5 48. Re2 Ra8 49. Re7+ Kg6 50. Rd7 h4 51. Kg2 Kh7 52. Kf1 Rc8 53. Ke2 Rc1 54. f4 Rh1 55. Nf3 Rxf4 56. Bc3 $2 (56. Ng5+ $18 Kh6 57. Bd2) 56... Rxf3 $1 57. Rxg7+ Kh6 58. Kxf3 Rxh3+ 59. Kg2 Rxc3 60. Ra7 h3+ 61. Kh2 Rf3 62. a4 Rxf2+ 63. Kxh3 Kg6 64. a5 Ra2 $2 (64... Rf3+ $11 {and Black stays safe.} 65. Kg4 Rf8) 65. a6 Rb2 {[%emt 0:02:56] [#]} 66. Ra8 $1 Kg7 67. a7 Ra2 {[%emt 0:00:41] [#]} 68. Kg3 $1 Rb2 (68... Ra3+ $11 69. Kf4 Ra5) 1/2-1/2

[Event "Groningen Festival 2019-B"]
[Site "Groningen"]
[Date "2019.12.24"]
[Round "4.4"]
[White "De Winter, Arthur"]
[Black "Novotny, David"]
[Result "0-1"]
[ECO "C12"]
[WhiteElo "1932"]
[BlackElo "1810"]
[Annotator "NA RC"]
[PlyCount "86"]
[EventDate "2019.12.15"]
[EventType "swiss"]
[EventCountry "NED"]
[SourceTitle "playchess.com"]
[Source "ChessBase"]
[SourceQuality "1"]
[TimeControl "40/5400+30:1800+30"]

1. e4 e6 2. d4 d5 3. Nc3 Nf6 4. Bg5 Bb4 5. e5 h6 6. Bd2 Bxc3 7. bxc3 Ne4 8. Qg4 g6 9. Bd3 Nxd2 10. Kxd2 b6 {[%emt 0:04:19] C12: French: Classical System: McCutcheon Variation} (10... c5 11. Nf3 Nc6 12. dxc5 Qa5 13. Qf4 Qxc5 14. Nd4 Bd7 15. Rhb1 O-O-O 16. Rb5 Qe7 17. Rab1 b6 18. Nxc6 Bxc6 19. R5b4 g5 {½-½ (65) Anand,V (2817)-Nakamura,H (2774) Monte Carlo 2011}) 11. Nf3 Ba6 12. a4 $146 ({Predecessor:} 12. Rhe1 Bxd3 13. cxd3 Nd7 14. Ke2 c5 15. Kf1 Qe7 16. c4 dxc4 17. dxc4 cxd4 18. Nxd4 {½-½ (27) Kuld,V (2075)-Vahtra,T (1949) Viljandi 2004}) 12... Bxd3 13. cxd3 Nc6 14. Ke2 Na5 15. Rhe1 Qd7 16. Qf4 O-O-O 17. Kf1 g5 18. Qe3 Qc6 19. Ra3 Kb8 20. Rb1 Ka8 21. Ne1 f5 22. Nc2 Qd7 23. Na1 f4 24. Qe2 h5 25. Nb3 Nxb3 26. Raxb3 Qxa4 27. Qb2 Qd7 28. Qa3 Rb8 ({And not} 28... a5 29. Rb5 $11) 29. Qa6 Rb7 30. Ra1 g4 31. Rba3 c6 32. Rb3 Qc7 33. Ke2 {[%emt 0:03:01] [#]} f3+ $1 34. gxf3 gxf3+ 35. Kxf3 Rf8+ ({Don't play} 35... Qf7+ 36. Ke2 $19) 36. Ke2 (36. Ke3 $142) 36... Qf7 37. Rf1 Qf3+ 38. Ke1 Qf4 39. Qa3 (39. Rb1 $142) 39... Rbf7 40. Rxb6 $2 (40. Qb2 $19) 40... Qe3+ 41. Kd1 Qxd3+ {[%emt 0:03:26] Double Attack} 42. Ke1 {[%emt 0:00:00] [#]} Rf4 $1 43. f3 {[%emt 0:00:00] [#]} Re4+ {[%emt 0:00:13] Pin} 0-1

[Event "Groningen Festival 2019-B"]
[Site "Groningen"]
[Date "2019.12.24"]
[Round "4.5"]
[White "Christensen, John Christopher Hoj"]
[Black "Slagter, Ruben"]
[Result "0-1"]
[ECO "B34"]
[WhiteElo "1848"]
[BlackElo "2077"]
[Annotator "NA RC"]
[PlyCount "52"]
[EventDate "2019.12.15"]
[EventType "swiss"]
[EventCountry "NED"]
[SourceTitle "playchess.com"]
[Source "ChessBase"]
[SourceQuality "1"]
[TimeControl "40/5400+30:1800+30"]

1. e4 c5 2. Nf3 g6 3. d4 cxd4 4. Nxd4 Bg7 5. Be3 Nc6 6. Nc3 Nf6 7. f3 O-O 8. Qd2 d5 9. Nxc6 bxc6 10. O-O-O Be6 ({Better is} 10... Qc7 $1 $15) 11. Qf2 {[%emt 0:05:39] B34: Sicilian: Accelerated Dragon with 5 Nc3: sidelines} (11. exd5 $11 Nxd5 12. Nxd5 cxd5 13. Bd4) 11... Qa5 12. Bd4 $2 $146 (12. Rd4 $17 {keeps fighting.}) ({Predecessor:} 12. a3 dxe4 13. fxe4 Ng4 14. Qe1 Bxc3 15. bxc3 Rfd8 16. Rxd8+ Rxd8 {0-1 (16) Beron,K (1534)-Mekhitarian,K (2539) Concordia 2019}) 12... dxe4 13. fxe4 Bxa2 14. Be2 Be6 15. Kb1 {[%emt 0:03:27] [#]} c5 $1 16. Be5 {[%emt 0:08:11] [#]} Nxe4 $1 {[%emt 0:04:35] Discovered Attack} 17. Nxe4 Bxe5 18. c4 {[%emt 0:08:31] [#]} Rab8 $1 19. Rd2 Bf5 20. Bf3 Rb3 21. Rc1 Rfb8 22. Rcc2 Ra3 23. Rc1 Ra1+ (23... Qa4 $142 24. Rd8+ Rxd8 25. bxa3 Qb3+ 26. Qb2 Qxb2#) 24. Kc2 Rxb2+ 25. Kd1 Rxc1+ 26. Kxc1 Qa1# 0-1

[Event "Groningen Festival 2019-B"]
[Site "Groningen"]
[Date "2019.12.24"]
[Round "4.6"]
[White "Bosker, Peter"]
[Black "Konnen, Timo"]
[Result "1-0"]
[ECO "A57"]
[WhiteElo "2075"]
[BlackElo "1843"]
[Annotator "NA RC"]
[PlyCount "43"]
[EventDate "2019.12.15"]
[EventType "swiss"]
[EventCountry "NED"]
[SourceTitle "playchess.com"]
[Source "ChessBase"]
[SourceQuality "1"]
[TimeControl "40/5400+30:1800+30"]

1. d4 Nf6 2. Nf3 c5 3. d5 b5 4. c4 Bb7 5. b3 bxc4 6. bxc4 Ne4 (6... Ba6 $14) 7. Qc2 Qa5+ 8. Nbd2 f5 9. Bb2 e6 10. Qb3 Nxd2 11. Nxd2 Qb6 12. g3 Na6 13. Bg2 $16 Rb8 14. O-O Nc7 15. dxe6 Nxe6 16. Qxb6 axb6 17. Bh3 Rg8 18. Bxf5 g6 19. Be4 Ba6 20. Bd5 Be7 21. Rfb1 Rf8 22. Bxe6 1-0

[Event "Groningen Festival 2019-B"]
[Site "Groningen"]
[Date "2019.12.26"]
[Round "5.1"]
[White "Akotchik, Victor"]
[Black "De Vries, Leon"]
[Result "1-0"]
[ECO "B87"]
[WhiteElo "2095"]
[BlackElo "1934"]
[Annotator "NA"]
[PlyCount "85"]
[EventDate "2019.12.15"]
[EventType "swiss"]
[EventCountry "NED"]
[SourceTitle "playchess.com"]
[Source "ChessBase"]
[SourceQuality "1"]
[TimeControl "40/5400+30:1800+30"]

1. e4 c5 2. Nf3 d6 3. Nc3 a6 4. d4 cxd4 5. Nxd4 Nf6 6. Bc4 e6 7. Qe2 b5 8. Bb3 Be7 9. g4 b4 10. Na4 Bb7 11. f3 Nc6 12. Be3 Qa5 13. Nxc6 Bxc6 14. Nb6 Rb8 15. g5 Nd7 16. Nxd7 Kxd7 17. Qd2 Qe5 18. O-O-O a5 19. Bf4 Qc5 20. Be3 Qb5 21. Qd4 e5 22. Qd2 Rhf8 23. Qg2 a4 24. Bd5 Bxd5 25. Rxd5 Qc4 26. Kb1 Rfc8 27. h4 b3 28. cxb3 axb3 29. a3 Qc2+ 30. Qxc2 Rxc2 31. Bd2 Kc6 32. Rd3 Rc4 33. Bb4 Kd7 34. Rhd1 Rd4 35. Rxd4 exd4 36. Rxd4 Ke6 37. Rd3 h6 38. f4 hxg5 39. hxg5 g6 40. Rxb3 d5 41. exd5+ Kxd5 42. Rd3+ Ke4 43. Rc3 1-0

[Event "Groningen Festival 2019-B"]
[Site "Groningen"]
[Date "2019.12.26"]
[Round "5.2"]
[White "Novotny, David"]
[Black "Bosker, Peter"]
[Result "1-0"]
[ECO "B08"]
[WhiteElo "1810"]
[BlackElo "2075"]
[Annotator "NA"]
[PlyCount "75"]
[EventDate "2019.12.15"]
[EventType "swiss"]
[EventCountry "NED"]
[SourceTitle "playchess.com"]
[Source "ChessBase"]
[SourceQuality "1"]
[TimeControl "40/5400+30:1800+30"]

1. d4 Nf6 2. Nc3 g6 3. e4 d6 4. Bf4 Bg7 5. Qd2 O-O 6. Nf3 Bg4 7. O-O-O Nc6 8. Qe3 Bxf3 9. gxf3 Qc8 10. Bh6 e5 11. Bxg7 Kxg7 12. d5 Ne7 13. h4 Nh5 14. Bh3 Qe8 15. Ne2 f5 16. f4 exf4 17. Qc3+ Kh6 18. Nd4 c5 19. Ne6 Qa4 20. Nxf8 Rxf8 21. e5 Qe4 22. Rhe1 Nxd5 23. Qb3 Ne3 24. fxe3 f3 25. exd6 Qxh4 26. Bf1 Ng3 27. Qxb7 f2 28. Re2 Qa4 29. Rxf2 Qxa2 30. Rh2+ Kg5 31. Qe7+ Rf6 32. Rg2 Qa1+ 33. Kd2 Qxb2 34. Rxg3+ Kh4 35. Rh3+ Kg4 36. Be2+ Kxh3 37. Qxh7+ Kg2 38. Qh1+ 1-0

[Event "Groningen Festival 2019-B"]
[Site "Groningen"]
[Date "2019.12.26"]
[Round "5.3"]
[White "Slagter, Ruben"]
[Black "Zuiderweg, Edwin"]
[Result "1/2-1/2"]
[ECO "B20"]
[WhiteElo "2077"]
[BlackElo "1951"]
[Annotator "NA"]
[PlyCount "47"]
[EventDate "2019.12.15"]
[EventType "swiss"]
[EventCountry "NED"]
[SourceTitle "playchess.com"]
[Source "ChessBase"]
[SourceQuality "1"]
[TimeControl "40/5400+30:1800+30"]

1. e4 c5 2. b3 e6 3. Bb2 d5 4. Bb5+ Bd7 5. Bxd7+ Qxd7 6. exd5 exd5 7. Nf3 Qe6+ 8. Kf1 Nf6 9. d4 Nc6 10. Nc3 O-O-O 11. dxc5 Bxc5 12. Na4 Be7 13. Nd4 Nxd4 14. Bxd4 Kb8 15. Qd3 Qe4 16. Qd2 Qf5 17. Qa5 b6 18. Qa6 Ne4 19. Bxb6 axb6 20. Qxb6+ Kc8 21. Qc6+ Kb8 22. Qb6+ Kc8 23. Qc6+ Kb8 24. Qb6+ 1/2-1/2

[Event "Groningen Festival 2019-B"]
[Site "Groningen"]
[Date "2019.12.26"]
[Round "5.4"]
[White "Labruyere, Roger"]
[Black "Noordenbos, Daan"]
[Result "1-0"]
[ECO "A49"]
[WhiteElo "1933"]
[BlackElo "2023"]
[Annotator "NA"]
[PlyCount "98"]
[EventDate "2019.12.15"]
[EventType "swiss"]
[EventCountry "NED"]
[SourceTitle "playchess.com"]
[Source "ChessBase"]
[SourceQuality "1"]
[TimeControl "40/5400+30:1800+30"]

1. d4 Nf6 2. Nf3 g6 3. g3 Bg7 4. Bg2 O-O 5. O-O d6 6. b3 Nbd7 7. Bb2 Ne4 8. Nbd2 Nxd2 9. Nxd2 c5 10. Nc4 Rb8 11. a4 b6 12. d5 Qc7 13. Bxg7 Kxg7 14. e4 Ba6 15. Na3 Bxf1 16. Bxf1 a5 17. Nb5 Qb7 18. c4 h5 19. f4 f6 20. Bh3 Rh8 21. Qe2 Rbd8 22. Re1 g5 23. Bf5 Kh6 24. Qe3 Rhg8 25. Be6 Rg7 26. e5 dxe5 27. fxg5+ fxg5 28. Bxd7 Qxd7 29. Qxe5 Rf8 30. Nc7 Rf5 31. Qe4 Rgf7 32. Ne6 Qd6 33. Qe3 Kg6 34. Qd3 R7f6 35. Qe4 Kf7 36. g4 Rf2 37. Qh7+ Ke8 38. Qxh5+ Kd7 39. Qh8 Rxe6 40. dxe6+ Kc7 41. Kxf2 Qd2+ 42. Kf1 Qf4+ 43. Ke2 Qe4+ 44. Kd2 Qf4+ 45. Re3 Qf2+ 46. Re2 Qf4+ 47. Kc2 Qf1 48. Qe5+ Kc8 49. Rd2 Qf3 1-0

[Event "Groningen Festival 2019-B"]
[Site "Groningen"]
[Date "2019.12.26"]
[Round "5.5"]
[White "Salihbegovic, Edim"]
[Black "Bloem, Mark"]
[Result "0-1"]
[ECO "B40"]
[WhiteElo "2011"]
[BlackElo "1928"]
[Annotator "NA"]
[PlyCount "60"]
[EventDate "2019.12.15"]
[EventType "swiss"]
[EventCountry "NED"]
[SourceTitle "playchess.com"]
[Source "ChessBase"]
[SourceQuality "1"]
[TimeControl "40/5400+30:1800+30"]

1. e4 c5 2. Nf3 e6 3. b3 Nc6 4. Bb2 d5 5. Bb5 a6 6. exd5 axb5 7. dxc6 bxc6 8. Ne5 Nf6 9. O-O Bd6 10. f4 Qc7 11. d3 O-O 12. Rf3 Nh5 13. g3 f6 14. Re3 g6 15. Nd2 fxe5 16. fxe5 Qg7 17. c4 Ra7 18. g4 Nf4 19. g5 Rf5 20. Ne4 Be7 21. h4 h6 22. Qg4 Rd7 23. Rd1 hxg5 24. hxg5 Qh7 25. Rd2 Qh5 26. Qg3 Bxg5 27. Rf3 Rh7 28. Rg2 Qh1+ 29. Kf2 Bh4 30. Ke3 Nxg2+ {[%emt 0:00:28] Kd4} 0-1

[Event "Groningen Festival 2019-B"]
[Site "Groningen"]
[Date "2019.12.26"]
[Round "5.6"]
[White "Waardenburg, Feline"]
[Black "Neuendorf, Max"]
[Result "1/2-1/2"]
[ECO "D18"]
[WhiteElo "1769"]
[BlackElo "1994"]
[Annotator "NA"]
[PlyCount "40"]
[EventDate "2019.12.15"]
[EventType "swiss"]
[EventCountry "NED"]
[SourceTitle "playchess.com"]
[Source "ChessBase"]
[SourceQuality "1"]
[TimeControl "40/5400+30:1800+30"]

1. d4 d5 2. c4 c6 3. Nf3 Nf6 4. Nc3 dxc4 5. a4 Bf5 6. e3 e6 7. Bxc4 Bb4 8. O-O O-O 9. Nh4 Bg4 10. f3 Bh5 11. g4 Bg6 12. Nxg6 hxg6 13. e4 Nbd7 14. Kh1 e5 15. Bb3 exd4 16. Qxd4 Qb6 17. Qd1 Rad8 18. Qc2 Nc5 19. Bc4 Nfd7 20. Be3 Qa5 1/2-1/2

[Event "Groningen Festival 2019-B"]
[Site "Groningen"]
[Date "2019.12.27"]
[Round "6.2"]
[White "Muller, Kenneth"]
[Black "Labruyere, Roger"]
[Result "1-0"]
[ECO "D00"]
[WhiteElo "1806"]
[BlackElo "1933"]
[Annotator "NA"]
[PlyCount "103"]
[EventDate "2019.12.15"]
[EventType "swiss"]
[EventCountry "NED"]
[SourceTitle "playchess.com"]
[Source "ChessBase"]
[SourceQuality "1"]
[TimeControl "40/5400+30:1800+30"]

1. d4 Nf6 2. Nc3 d5 3. Bf4 e6 4. e3 a6 5. g4 Bb4 6. Nge2 Ne4 7. h4 c5 8. a3 Bxc3+ 9. Nxc3 Qa5 10. dxc5 Nxc3 11. Qd2 Qxc5 12. Qxc3 Qxc3+ 13. bxc3 Nc6 14. Bg3 O-O 15. Bg2 Bd7 16. Rd1 Rfe8 17. c4 d4 18. exd4 e5 19. dxe5 Nxe5 20. O-O Bxg4 21. Bxb7 Bxd1 22. Bxa8 Bxc2 23. Bxe5 Rxe5 24. Rc1 Bf5 25. Bb7 Rc5 26. Bxa6 Be6 27. a4 Kf8 28. Bb5 Ke7 29. Rd1 h5 30. a5 Bxc4 31. Bxc4 Rxc4 32. Ra1 Rc7 33. Kg2 Ra7 34. a6 Ke6 35. Kg3 g6 36. Kf4 Kd5 37. Kg5 Ke5 38. f4+ Ke6 39. Ra5 Ra8 40. a7 Ke7 41. Ra6 Kf8 42. f5 gxf5 43. Kxh5 Kg7 44. Kg5 Kh7 45. Kxf5 Kg7 46. h5 f6 47. Ra5 Kf7 48. h6 Kg8 49. Kxf6 Kh7 50. Ra1 Rf8+ 51. Ke7 Ra8 52. Kd7 1-0

[Event "Groningen Festival 2019-B"]
[Site "Groningen"]
[Date "2019.12.27"]
[Round "6.4"]
[White "De Winter, Arthur"]
[Black "Neuendorf, Max"]
[Result "0-1"]
[ECO "B32"]
[WhiteElo "1932"]
[BlackElo "1994"]
[Annotator "NA"]
[PlyCount "104"]
[EventDate "2019.12.15"]
[EventType "swiss"]
[EventCountry "NED"]
[SourceTitle "playchess.com"]
[Source "ChessBase"]
[SourceQuality "1"]
[TimeControl "40/5400+30:1800+30"]

1. e4 c5 2. Nf3 Nc6 3. d4 cxd4 4. Nxd4 e5 5. Nb5 d6 6. N1c3 a6 7. Na3 Be7 8. Nd5 Nf6 9. Be3 Nxd5 10. exd5 Nd4 11. Bxd4 exd4 12. Qxd4 O-O 13. O-O-O Bf6 14. Qd2 b5 15. Bd3 Rb8 16. Kb1 Bd7 17. c3 a5 18. Nc2 g6 19. h4 h5 20. Qf4 Bg7 21. a3 b4 22. axb4 Ba4 23. Rhe1 Bxc2+ 24. Bxc2 axb4 25. cxb4 Qb6 26. Rd3 Qxb4 27. Qxb4 Rxb4 28. Rb3 Rfb8 29. Re8+ Rxe8 30. Rxb4 Re1+ 31. Ka2 Re2 32. Rc4 Rxf2 33. b4 Rd2 34. b5 Rxd5 35. Rb4 Rd4 36. Kb3 Rxb4+ 37. Kxb4 Bd4 38. Kc4 Bf2 39. Kd5 Bxh4 40. b6 Bf2 41. b7 Ba7 42. Kxd6 f5 43. Kc7 Kg7 44. b8=Q Bxb8+ 45. Kxb8 Kf6 46. Kc7 Ke5 47. Kd7 g5 48. Ke7 f4 49. Kf7 g4 50. Kg6 h4 51. Kg5 h3 52. gxh3 g3 0-1

[Event "Groningen Festival 2019-B"]
[Site "Groningen"]
[Date "2019.12.27"]
[Round "6.6"]
[White "De Vries, Leon"]
[Black "Van der Meer, Henk"]
[Result "1-0"]
[ECO "E61"]
[WhiteElo "1934"]
[BlackElo "1785"]
[Annotator "NA"]
[PlyCount "85"]
[EventDate "2019.12.15"]
[EventType "swiss"]
[EventCountry "NED"]
[SourceTitle "playchess.com"]
[Source "ChessBase"]
[SourceQuality "1"]
[TimeControl "40/5400+30:1800+30"]

1. d4 Nf6 2. c4 g6 3. Nc3 Bg7 4. Nf3 O-O 5. Bg5 d6 6. e3 Nbd7 7. Be2 a6 8. Qc2 Rb8 9. O-O c6 10. b4 Re8 11. Rfd1 Nf8 12. h3 h6 13. Bh4 g5 14. Bg3 Ng6 15. Bd3 Nf8 16. Nd2 Be6 17. Bf5 Qd7 18. Bxe6 Qxe6 19. Nce4 Rbc8 20. Nxf6+ Qxf6 21. Rab1 Ng6 22. a4 h5 23. b5 axb5 24. axb5 Qe6 25. Qe4 Qd7 26. bxc6 bxc6 27. Nf3 f5 28. Qc2 h4 29. Bh2 g4 30. hxg4 fxg4 31. Qxg6 gxf3 32. gxf3 Rf8 33. Qg4 e6 34. Bf4 Rf6 35. Kh2 Rcf8 36. Rg1 Kh7 37. d5 cxd5 38. cxd5 Qe7 39. Bg5 exd5 40. Bxf6 Rxf6 41. Qh5+ Bh6 42. Qxd5 Qe5+ 43. Qxe5 1-0

[Event "Groningen Festival 2019-B"]
[Site "Groningen"]
[Date "2019.12.28"]
[Round "7.1"]
[White "Muller, Kenneth"]
[Black "Novotny, David"]
[Result "0-1"]
[ECO "D00"]
[WhiteElo "1806"]
[BlackElo "1810"]
[Annotator "NA"]
[PlyCount "64"]
[EventDate "2019.12.15"]
[EventType "swiss"]
[EventCountry "NED"]
[SourceTitle "playchess.com"]
[Source "ChessBase"]
[SourceQuality "1"]
[TimeControl "40/5400+30:1800+30"]

1. d4 Nf6 2. Nc3 d5 3. Bf4 Bf5 4. f3 e6 5. g4 Bg6 6. h4 h5 7. g5 Nfd7 8. e3 Bd6 9. Bxd6 cxd6 10. Nge2 Nc6 11. Nf4 Bf5 12. Bd3 Ne7 13. Qd2 Bxd3 14. Qxd3 g6 15. e4 dxe4 16. fxe4 a6 17. Rf1 b5 18. Qf3 Rf8 19. O-O-O Qa5 20. Kb1 b4 21. Nce2 Rc8 22. Qb3 Qb5 23. Rd3 Nc6 24. Nxe6 Na5 25. Ng7+ Ke7 26. Qd5 Nb6 27. Rxf7+ Rxf7 28. Qe6+ Kf8 29. Qxg6 Qxd3 30. Qxd6+ Kg8 31. Qd8+ Rxd8 32. cxd3 Kxg7 0-1

[Event "Groningen Festival 2019-B"]
[Site "Groningen"]
[Date "2019.12.28"]
[Round "7.2"]
[White "Neuendorf, Max"]
[Black "Akotchik, Victor"]
[Result "0-1"]
[ECO "B01"]
[WhiteElo "1994"]
[BlackElo "2095"]
[Annotator "NA"]
[PlyCount "92"]
[EventDate "2019.12.15"]
[EventType "swiss"]
[EventCountry "NED"]
[SourceTitle "playchess.com"]
[Source "ChessBase"]
[SourceQuality "1"]
[TimeControl "40/5400+30:1800+30"]

1. e4 d5 2. exd5 Nf6 3. d4 Nxd5 4. Be2 Bf5 5. Nf3 e6 6. a3 Be7 7. c4 Nb6 8. Nc3 Bf6 9. Be3 O-O 10. O-O Nc6 11. b4 Bg4 12. Ne4 Bxf3 13. Nxf6+ Qxf6 14. Bxf3 Nxc4 15. Qd3 Nb6 16. Rac1 Qe7 17. Bxc6 bxc6 18. d5 Rfd8 19. Bxb6 cxb6 20. Rxc6 Rxd5 21. Qc3 Rad8 22. h3 Rd3 23. Qc1 h6 24. Rc7 R3d7 25. Rc6 Qg5 26. Qxg5 hxg5 27. a4 Kf8 28. Ra1 Rd1+ 29. Rxd1 Rxd1+ 30. Kh2 Ke7 31. Rc7+ Rd7 32. Rc6 Kd8 33. Kg3 Rd4 34. a5 Rxb4 35. axb6 axb6 36. Rc3 Kd7 37. Ra3 Rc4 38. Kf3 Kd6 39. Ke2 Rc7 40. Rg3 Rc2+ 41. Ke1 f6 42. Rb3 Kc5 43. Re3 e5 44. Rd3 b5 45. Rd7 Kc4 46. Rxg7 b4 0-1